 Dungeon Crawl Stone Soup version 0.17.1-3-g152610e (webtiles) character file.

167451 inmateoo the Shatterer (level 17, 0/168 HPs)
             Began as an Ogre Arcane Marksman on Mar 23, 2016.
             Was the Champion of Cheibriados.
             Killed from afar by a deep elf mage (21 damage)
             ... with an orb of energy
             ... on level 2 of the Elven Halls.
             The game lasted 01:16:51 (37180 turns).

inmateoo the Shatterer (Ogre Arcane Marksman)      Turns: 37180, Time: 01:16:51

Health: 0/168      AC: 12    Str: 44    XL:     17   Next: 92%
Magic:  28/28      EV: 22    Int: 30    God:    Cheibriados [******]
Gold:   458        SH:  0    Dex: 31    Spells: 7 memorised, 18 levels left

rFire  x . .     SeeInvis .     v - +3 giant spiked club (flame)
rCold  + + +     Clarity  .     x - +0 robe of Generosity {rC++ Int+3}
rNeg   + + .     SustAt   .     (shield currently unavailable)
rPois  +         Gourm    .     O - +2 hat
rElec  .         Spirit   .     t - +0 cloak of the Loofah {Str+6 Dex+7}
rCorr  .         Warding  +     (gloves unavailable)
rMut   .         Stasis   .     (boots unavailable)
MR     +....                    f - amulet of warding
Stlth  ++........               m - ring of ice
                                y - ring of positive energy

@: very slow, somewhat resistant to hostile enchantments, unstealthy
A: unfitting armour, hooves 1, icy blue scales 2, yellow scales 1, cold
resistance 1, frail 1, poison resistance, tough skin 1, weak 1
a: Bend Time, Temporal Distortion, Slouch, Step From Time, Renounce Religion


You were on level 2 of the Elven Halls.
You worshipped Cheibriados.
Cheibriados was exalted by your worship.
You were not hungry.

You visited 6 branches of the dungeon, and saw 32 of its levels.
You also visited: Ice Cave.

You collected 3605 gold pieces.
You spent 3147 gold pieces at shops.

Inventory:

Hand Weapons
 v - a +3 giant spiked club of flaming (weapon)
 P - a +5 flail
Missiles
 c - 32 large rocks (quivered)
 d - 4 throwing nets
Armour
 t - the +0 cloak of the Loofah (worn) {Str+6 Dex+7}
   (You bought it in a shop on level 4 of the Dungeon)

   It affects your strength (+6).
   It affects your dexterity (+7).
 w - a +2 fire dragon armour
 x - the +0 robe of Generosity (worn) {rC++ Int+3}
   (You found it on level 7 of the Dungeon)

   It affects your intelligence (+3).
   It greatly protects you from cold.
 O - a +2 hat (worn)
Rods
 U - a +4 rod of clouds (9/9)
   (You bought it in a shop on level 4 of the Orcish Mines)
Jewellery
 f - an amulet of warding (around neck)
 h - the amulet of Suspicion {Inacc rN++ Int+4 Dex-2}
   (You found it on level 4 of the Dungeon)

   [amulet of inaccuracy]

   It reduces the accuracy of all your attacks.
   It affects your intelligence (+4).
   It affects your dexterity (-2).
   It greatly protects you from negative energy.
 i - an uncursed ring of poison resistance
 m - a ring of ice (right hand)
 y - a ring of positive energy (left hand)
 S - an uncursed ring of flight
 X - an uncursed ring of sustain attributes
 Z - an uncursed ring of wizardry
Wands
 r - a wand of draining (1)
 u - a wand of digging (7)
 D - a wand of invisibility (1)
 E - a wand of cold (2)
 F - a wand of digging (11)
 Q - a wand of fireball (11)
 T - a wand of digging (6)
 V - a wand of teleportation (4)
 W - a wand of cold (10)
Scrolls
 l - 7 scrolls of recharging
 o - 9 scrolls of amnesia
 s - 14 scrolls of remove curse
 C - 3 scrolls of teleportation
 G - 6 scrolls of fog
 H - 2 scrolls of identify
 N - 2 scrolls of summoning
Potions
 a - 3 potions of magic
 g - 5 potions of agility
 j - 4 potions of might
 k - 15 potions of curing
 q - 2 potions of flight
 z - 3 potions of cancellation
 B - 3 potions of brilliance
 J - a potion of heal wounds
 K - 3 potions of invisibility
 R - a potion of resistance
Miscellaneous
 b - a phial of floods (inert)
 L - a lamp of fire
Comestibles
 e - 19 bread rations
 n - 2 beef jerkies
 p - 9 meat rations
 A - 26 fruits
 M - 11 royal jellies


   Skills:
 + Level 15.9 Fighting
 * Level 22.0 Maces & Flails
 - Level 3.3 Throwing
 + Level 10.6 Armour
 + Level 11.2 Dodging
 + Level 7.8 Spellcasting
 - Level 2.1 Hexes
 * Level 2.5 Charms
 + Level 4.0 Translocations
 + Level 5.3 Transmutations
 - Level 10.0 Invocations


You had 18 spell levels left.
You knew the following spells:

 Your Spells              Type           Power        Failure   Level  Hunger
a - Regeneration          Chrm/Necr      ###.......   10%         3    None
b - Beastly Appendage     Trmt           #####.       1%          1    None
c - Apportation           Tloc           #####.....   1%          1    None
d - Shroud of Golubria    Chrm/Tloc      ####......   1%          2    None
e - Song of Slaying       Chrm           ####....     2%          2    None
f - Spectral Weapon       Hex/Chrm       ####....     6%          3    None
g - Corona                Hex            ###....      1%          1    None


Dungeon Overview and Level Annotations

Branches:
Dungeon (15/15)            Temple (1/1) D:5            Lair (8/8) D:11
 Shoals (0/4) Lair:4       Spider (0/4) Lair:3        Slime (0/6) Lair:6
    Orc (4/4) D:9             Elf (3/3) Orc:4        Vaults (0/5) D:13
 Depths (1/5) D:15

Altars:
Ashenzari
Cheibriados
Dithmenos
Elyvilon
Fedhas
Gozag
Kikubaaqudgha
Makhleb
Nemelex Xobeh
Okawaru
Qazlal
Ru
Sif Muna
Trog
Vehumet
Xom
Yredelemnul
Zin
The Shining One
Beogh

Shops:
D:4 [   D:7 %   Orc:4 !*}}   Elf:1 ?*}(:

Annotations:
D:4 2 runed doors
D:7 exclusion: downstairs
Elf:2 5 runed doors


Innate Abilities, Weirdness & Mutations

You are too large for most types of armour.
You have tough skin (AC +1).
You have large cloven feet.
You are mostly covered in icy blue scales (AC +3, EV -1).
You are partially covered in yellow scales (AC +2).
Your flesh is cold resistant.
You are frail (-10% HP).
Your system is resistant to poisons.
You are weak. (Str -2)


Message History

* * * LOW HITPOINT WARNING * * *
Unknown command.
Unknown command.
You bludgeon something!! You burn something!
Cheibriados thoroughly appreciates the change of pace.
Reactivating autopickup.
You feel a bit more experienced.
Unknown command.
Unknown command.
Read which item? (? for menu, Esc to quit)
Okay, then.
Evoke which item? (* to show all) (? for menu, Esc to quit)
Aim the phial where?
Press: ? - help, Shift-Dir - straight line, f - deep elf mage
Aim: a deep elf mage, wielding a long sword and wearing a leather armour The flood of elemental water misses the deep elf mage.
The wave splashes down.
The water rises up and takes form.
The deep elf mage casts a spell at you. The orb of energy hits you!
You die...

####### ##.....#'###.#
#.....# ##..>....## #.#
#.....#####.........###.#
#.....'..'...).......##.#
#..)..####.....≈≈≈...##.#
#.....# #...[.≈e)...##.#
###'### #..§.E≈≈≈≈..##.# #.#
#...)....≈..##.# #.#
##))@......###'### #.#
##'.......'###...# #.#
##.##.....##'#...<#
###'#####.#####(####...PP.#
##.....##.######.##...PP8P.#
##.......'###..##'####...PP.#
##.......<.###....[##
###....#
#......>....##......###
#'#..#
#...........''...[....#
#.####


You could see a deep elf mage and a friendly water elemental.

Vanquished Creatures
  Nikola (Elf:1)
  Rupert (Lair:8)
  Frances (D:14)
  An azure jelly (Lair:6)
  A fire giant (D:15)
  2 orc warlords (Orc:4)
  A stone giant (Orc:4)
  Nessos (D:14)
  A deep elf death mage (Elf:1)
  2 fire dragons
  2 blizzard demons (IceCv)
  A yaktaur captain (D:15)
  4 vault guards (D:13)
  12 hydras
  A rakshasa (D:15)
  Erica (D:10)
  4 dancing weapons (Elf:2)
  A centaur warrior (D:14)
  A catoblepas (D:11)
  6 orc high priests
  3 death yaks
  An iron golem (D:7)
  8 deep elf knights
  A fire crab (Lair:6)
  9 unseen horrors
  5 ice devils (IceCv)
  A storm dragon skeleton (D:15)
  7 deep elf summoners
  4 orc knights
  A lindwurm (Lair:8)
  4 oklob plants (Lair:4)
  22 ugly things
  2 wolf spider zombies
  7 deep elf conjurers
  3 wolf spiders
  3 necromancers
  8 hill giants
  3 griffons
  4 orc sorcerers
  5 cyclopes
  2 manticores
  The ghost of nublet the Grave Robber, a novice OgNe (D:5)
  7 centaur zombies
  6 black mambas
  A guardian serpent (Lair:8)
  10 elephants
  16 spiny frogs
  6 torpor snails
  A gargoyle (D:8)
  A storm dragon simulacrum (D:15)
  A tengu conjurer (D:13)
  5 anaconda simulacra (IceCv)
  2 queen bees
  15 komodo dragons
  A spriggan druid (Lair:5)
  2 fire drakes
  8 deep elf priests
  A wolf spider simulacrum (D:15)
  2 golden dragon simulacra (IceCv)
  A kobold demonologist (D:15)
  8 freezing wraiths
  A wind drake (shapeshifter) (Elf:2)
  A merfolk (Lair:4)
  11 trolls
  Grinder (D:4)
  6 slime creatures
  2 hornet zombies (D:15)
  4 polar bears
  3 giant leeches (Lair:8)
  19 blink frogs
  A blue devil (IceCv)
  A boulder beetle (Lair:7)
  A trapdoor spider (D:14)
  7 two-headed ogres
  A vampire (D:13)
  17 deep elf magi
  35 yaks
  21 deep elf fighters
  2 redbacks
  6 basilisks
  3 wyverns
  A wraith (D:14)
  A death yak simulacrum (IceCv)
  A steam dragon (Lair:4)
  7 water elementals
  8 hippogriffs
  8 vampire mosquitoes
  2 hungry ghosts (D:13)
  A large abomination (Elf:1)
  Menkaure (D:5)
  5 harpy simulacra (IceCv)
  22 wolves
  22 water moccasins
  11 wargs
  A hydra simulacrum (IceCv)
  11 porcupines
  An iron troll simulacrum (IceCv)
  A black bear (shapeshifter) (D:15)
  Duvessa (D:4)
  12 ice beasts
  An ettin simulacrum (IceCv)
  49 orc warriors
  3 phantoms
  6 sky beasts
  4 spiders
  A hornet simulacrum (D:15)
  23 ogres
  An eye of draining (D:12)
  17 centaurs
  2 necrophages
  8 wasps
  21 crocodiles
  8 big kobolds
  2 elf zombies (Elf:1)
  5 brain worms
  27 giant frogs
  Dowan (D:4)
  A water moccasin skeleton (D:6)
  4 scorpions
  40 killer bees
  An elephant simulacrum (IceCv)
  4 wights (D:15)
  5 jellies
  7 electric eels
  7 crimson imps
  A quasit (D:9)
  2 giant frog zombies
  A wasp zombie (D:13)
  9 hounds
  2 draconian simulacra (IceCv)
  4 centaur skeletons
  3 giant frog skeletons
  38 orc priests
  19 worker ants
  4 iguanas
  27 orc wizards
  7 troll simulacra (IceCv)
  10 sheep
  A spriggan simulacrum (IceCv)
  A centaur simulacrum (IceCv)
  A hound skeleton (D:7)
  Robin (D:2)
  An ogre simulacrum (IceCv)
  21 adders
  2 gnolls (D:4)
  46 river rats
  5 naga simulacra (IceCv)
  9 shadow imps
  2 white imps (IceCv)
  An adder zombie (D:9)
  An ooze (D:4)
  An adder skeleton (D:7)
  19 worms
  249 orcs
  A ball python (D:2)
  6 giant cockroaches
  22 goblins
  10 hobgoblins
  5 jackals
  11 bats
  2 giant geckos (D:1)
  A giant gecko skeleton (D:7)
  6 giant newts
  A jackal skeleton (D:9)
  26 kobolds
  2 quokkas
  20 rats
1352 creatures vanquished.

Vanquished Creatures (collateral kills)
  Maud (D:10)
  A polar bear (Lair:8)
  A plant (Lair:4)
3 creatures vanquished.

Vanquished Creatures (others)
  2 elephants (Lair:7)
  An orc wizard (Orc:4)
  A white imp (IceCv)
  An ufetubus (IceCv)
  54 fungi
  63 plants
122 creatures vanquished.

Grand Total: 1477 creatures vanquished

Notes
Turn   | Place    | Note
--------------------------------------------------------------
     0 | D:1      | inmateoo the Ogre Arcane Marksman began the quest for the Orb.
     0 | D:1      | Reached XP level 1. HP: 19/19 MP: 2/2
   426 | D:1      | Reached skill level 1 in Maces & Flails
   426 | D:1      | Reached XP level 2. HP: 21/28 MP: 3/3
  1462 | D:2      | HP: 1/29 [adder (1)]
  1463 | D:2      | Reached XP level 3. HP: 1/36 MP: 4/4
  1959 | D:2      | Noticed Robin
  2070 | D:2      | Killed Robin
  2070 | D:2      | Reached XP level 4. HP: 29/44 MP: 5/5
  2241 | D:2      | Found a sparkling altar of Nemelex Xobeh.
  2703 | D:2      | Reached skill level 3 in Fighting
  2779 | D:3      | Reached XP level 5. HP: 48/53 MP: 6/6
  2814 | D:3      | Found a burning altar of Makhleb.
  3457 | D:3      | Reached skill level 4 in Maces & Flails
  3757 | D:4      | Found an iron altar of Okawaru.
  3758 | D:4      | Found a bloodstained altar of Trog.
  3768 | D:4      | Reached XP level 6. HP: 51/62 MP: 7/7
  3867 | D:4      | Reached skill level 5 in Maces & Flails
  4065 | D:4      | Noticed Duvessa
  4066 | D:4      | Noticed Dowan
  4067 | D:4      | Found a large runed door.
  4068 | D:4      | Found a large runed door.
  4077 | D:4      | Killed Duvessa
  4077 | D:4      | Reached skill level 6 in Maces & Flails
  4081 | D:4      | Killed Dowan
  4081 | D:4      | Reached skill level 7 in Maces & Flails
  4081 | D:4      | Reached XP level 7. HP: 65/68 MP: 8/8
  4188 | D:4      | Noticed an orc warrior
  4241 | D:4      | Killed an orc warrior
  4564 | D:4      | Found a large runed door.
  4564 | D:4      | Found a large runed door.
  4630 | D:4      | Reached skill level 8 in Maces & Flails
  5046 | D:4      | Noticed Grinder
  5055 | D:4      | Paralysed by Grinder for 4 turns
  5067 | D:4      | Killed Grinder
  5067 | D:4      | Reached skill level 9 in Maces & Flails
  5067 | D:4      | Reached skill level 1 in Armour
  5067 | D:4      | Reached XP level 8. HP: 70/79 MP: 9/9
  5281 | D:4      | Reached skill level 5 in Fighting
  5457 | D:4      | Found Iheat's Antique Armour Emporium.
  5533 | D:5      | Entered Level 5 of the Dungeon
  5578 | D:5      | Noticed Menkaure
  5594 | D:5      | Noticed nublet's ghost (novice OgNe)
  6235 | D:5      | Found a staircase to the Ecumenical Temple.
  6263 | Temple   | Entered the Ecumenical Temple
  6271 | Temple   | Became a worshipper of Cheibriados the Contemplative
  6665 | D:6      | Reached skill level 10 in Maces & Flails
  6993 | D:6      | Reached XP level 9. HP: 87/92 MP: 10/10
  7011 | D:6      | Reached * piety under Cheibriados
  7011 | D:6      | Reached skill level 11 in Maces & Flails
  7062 | D:6      | Found a radiant altar of Vehumet.
  7064 | D:6      | Found a deep blue altar of Sif Muna.
  7064 | D:6      | Found an ancient bone altar of Kikubaaqudgha.
  7069 | D:6      | Identified Kikubaaqudgha's Volume of Evil
  7076 | D:6      | Identified Vehumet's Papyrus of Arcane Weapons
  7083 | D:6      | Identified Sif Muna's Compendium of Changing
  7528 | D:7      | Found Satwioli's Food Emporium.
  7712 | D:7      | Found a sacrificial altar of Ru.
  7758 | D:7      | Found an opulent altar of Gozag.
  7762 | D:7      | Found a basalt altar of Yredelemnul.
  7987 | D:7      | Reached ** piety under Cheibriados
  8141 | D:7      | Got a sheer robe
  8152 | D:7      | Identified the cursed +0 robe of Generosity {rC++ Int+3} (You found it on level 7 of the Dungeon)
  8418 | D:8      | Reached skill level 12 in Maces & Flails
  8624 | D:8      | Reached skill level 1 in Invocations
  8745 | D:8      | Noticed a gargoyle
  8762 | D:8      | Killed a gargoyle
  8762 | D:8      | Reached XP level 10. HP: 97/104 MP: 11/11
  8766 | D:8      | Gained mutation: You are weak. (Str -2) [mutagenic meat]
  8767 | D:8      | Gained mutation: You are very weak. (Str -4) [mutagenic meat]
  8768 | D:8      | Gained mutation: You are partially covered in icy blue scales (AC +1). [mutagenic meat]
  8769 | D:8      | Lost mutation: You are very weak. (Str -4) [mutagenic meat]
  8770 | D:8      | Gained mutation: You can breathe flames. [mutagenic meat]
  8771 | D:8      | Gained mutation: You are agile. (Dex +2) [mutagenic meat]
  8776 | D:8      | Reached *** piety under Cheibriados
  9141 | D:8      | Noticed an iron golem
  9141 | D:8      | Noticed an iron golem
  9141 | D:8      | Noticed an iron golem
  9141 | D:8      | Noticed an iron golem
  9163 | D:7      | Killed an iron golem
  9163 | D:7      | Reached skill level 13 in Maces & Flails
  9533 | D:4      | Bought an ichor-stained cloak for 247 gold pieces
  9543 | D:4      | Identified the +0 cloak of the Loofah {Str+6 Dex+7} (You bought it in a shop on level 4 of the Dungeon)
  9603 | D:4      | Got a bound sapphire amulet
  9604 | D:4      | Identified the amulet of Suspicion {Inacc rN++ Int+4 Dex-2} (You found it on level 4 of the Dungeon)
  9671 | D:5      | Killed nublet's ghost
  9859 | D:5      | Found a glowing silver altar of Zin.
  9860 | D:5      | Found a blossoming altar of Fedhas.
  9869 | D:5      | Killed Menkaure
 10022 | D:9      | Killed an unseen horror
 10082 | D:9      | Reached skill level 5 in Armour
 10086 | D:9      | Reached **** piety under Cheibriados
 10244 | D:9      | Found a staircase to the Orcish Mines.
 10345 | D:9      | Found a shattered altar of Ashenzari.
 10431 | D:10     | Entered Level 10 of the Dungeon
 10526 | D:10     | Killed an unseen horror
 10526 | D:10     | Reached skill level 14 in Maces & Flails
 10526 | D:10     | Reached XP level 11. HP: 16/117 MP: 14/14
 10824 | D:10     | Noticed Maud
 10835 | D:10     | Killed Maud
 10835 | D:10     | Reached skill level 5 in Dodging
 10892 | D:10     | Noticed Erica
 10895 | D:10     | Killed Erica
 10895 | D:10     | Reached skill level 10 in Fighting
 10895 | D:10     | Reached skill level 5 in Invocations
 11095 | D:10     | Noticed a hill giant
 11097 | D:10     | Killed a hill giant
 11117 | D:10     | Killed an unseen horror
 11154 | D:10     | Reached skill level 15 in Maces & Flails
 11439 | D:10     | Reached ***** piety under Cheibriados
 11542 | D:11     | Noticed a catoblepas
 11553 | D:11     | Killed a catoblepas
 11604 | D:11     | Reached XP level 12. HP: 65/128 MP: 16/16
 11866 | D:11     | Noticed a hill giant
 11875 | D:11     | Killed a hill giant
 12157 | D:11     | Found a staircase to the Lair.
 12585 | D:11     | Killed an unseen horror
 13360 | D:12     | Reached skill level 16 in Maces & Flails
 13503 | D:12     | Reached ****** piety under Cheibriados
 13855 | D:12     | Noticed a seven-headed hydra
 13864 | D:12     | Killed a five-headed hydra
 14160 | D:13     | Found a gate to the Vaults.
 14160 | D:13     | Noticed a vault guard
 14160 | D:13     | Noticed a vault guard
 14160 | D:13     | Noticed a vault guard
 14162 | D:13     | Noticed a vault guard
 14168 | D:13     | Killed a vault guard
 14168 | D:13     | Reached XP level 13. HP: 96/139 MP: 2/18
 14171 | D:13     | Killed a vault guard
 14172 | D:13     | Killed a vault guard
 14175 | D:13     | Killed a vault guard
 14175 | D:13     | Reached skill level 17 in Maces & Flails
 14194 | D:13     | Gained mutation: You are partially covered in yellow scales (AC +2). [mutagenic meat]
 14195 | D:13     | Gained mutation: You have large cloven feet. [mutagenic meat]
 14491 | D:13     | Found a roughly hewn altar of Beogh.
 15698 | D:14     | Noticed Frances
 15709 | D:14     | Killed Frances
 16300 | D:14     | Noticed Nessos
 16304 | D:14     | Killed Nessos
 16304 | D:14     | Reached skill level 18 in Maces & Flails
 16341 | D:14     | Reached XP level 14. HP: 153/153 MP: 17/20
 16524 | Lair:1   | Entered Level 1 of the Lair of Beasts
 18492 | Lair:3   | Gained mutation: Your skin changes colour to match your surroundings (Stealth). [potion of mutation]
 18492 | Lair:3   | Gained mutation: You are frail (-10% HP). [potion of mutation]
 18820 | Lair:3   | Found a hole to the Spider Nest.
 19403 | Lair:4   | Found a staircase to the Shoals.
 19561 | Lair:4   | Found a glowing golden altar of the Shining One.
 20283 | Lair:5   | Reached skill level 19 in Maces & Flails
 20728 | Lair:5   | Reached skill level 10 in Invocations
 21556 | Lair:6   | Reached XP level 15. HP: 145/145 MP: 22/22
 21562 | Lair:6   | Found a staircase to the Slime Pits.
 21725 | Lair:6   | Noticed an azure jelly
 21736 | Lair:6   | Killed an azure jelly
 22423 | Lair:6   | Learned a level 1 spell: Beastly Appendage
 23361 | Lair:7   | Reached skill level 1 in Transmutations
 23369 | Lair:7   | Reached skill level 20 in Maces & Flails
 23875 | Lair:8   | Entered Level 8 of the Lair of Beasts
 24519 | Lair:8   | Noticed Rupert
 24905 | Lair:8   | Reached skill level 10 in Dodging
 25405 | Lair:8   | Found a runed door.
 25969 | Lair:8   | Reached XP level 16. HP: 142/156 MP: 23/23
 25997 | Lair:8   | Learned a level 1 spell: Apportation
 26038 | Lair:8   | Killed Rupert
 26038 | Lair:8   | Reached skill level 5 in Spellcasting
 26740 | D:15     | Entered Level 15 of the Dungeon
 26798 | D:14     | Reached skill level 1 in Translocations
 27097 | D:14     | Reached skill level 15 in Fighting
 27102 | D:14     | Gained mutation: You regenerate slowly when monsters are visible. [mutagenic meat]
 27122 | D:14     | Gained mutation: You are mostly covered in icy blue scales (AC +3, EV -1). [mutagenic meat]
 27416 | D:15     | Found a staircase to the Depths.
 28142 | D:15     | Gained mutation: You have supernaturally acute eyesight. [mutagenic meat]
 28143 | D:15     | Lost mutation: You have supernaturally acute eyesight. [mutagenic meat]
 28144 | D:15     | Lost mutation: You can breathe flames. [mutagenic meat]
 28149 | D:15     | Gained mutation: Your spells are a little easier to cast, but a little less powerful. [mutagenic meat]
 28485 | D:15     | Gained mutation: Your system is resistant to poisons. [mutagenic meat]
 28536 | D:15     | Reached skill level 21 in Maces & Flails
 28543 | D:15     | Lost mutation: Your skin changes colour to match your surroundings (Stealth). [mutagenic meat]
 28811 | D:15     | Lost mutation: Your spells are a little easier to cast, but a little less powerful. [mutagenic meat]
 28950 | D:15     | Lost mutation: You regenerate slowly when monsters are visible. [mutagenic meat]
 28951 | D:15     | Gained mutation: Your flesh is cold resistant. [mutagenic meat]
 28953 | D:15     | Lost mutation: You are agile. (Dex +2) [mutagenic meat]
 29217 | Depths:1 | Entered Level 1 of the Depths
 29685 | Orc:1    | Entered Level 1 of the Orcish Mines
 29918 | Orc:2    | Reached skill level 10 in Armour
 31346 | Orc:4    | Entered Level 4 of the Orcish Mines
 31665 | Orc:4    | Found a staircase to the Elven Halls.
 32219 | Orc:4    | Found a roughly hewn altar of Beogh.
 32348 | Orc:4    | Found Udekleh's Gadget Boutique.
 32369 | Orc:4    | Found Vaachonisa's Gadget Shop.
 32376 | Orc:4    | Reached XP level 17. HP: 142/165 MP: 26/26
 32384 | Orc:4    | Bought a lamp of fire for 480 gold pieces
 33280 | Orc:4    | Found Ebrujeb's Distillery.
 33378 | Orc:4    | Bought a potion of resistance for 110 gold pieces
 33378 | Orc:4    | Bought a potion of might for 44 gold pieces
 33378 | Orc:4    | Bought a potion of agility for 44 gold pieces
 33378 | Orc:4    | Bought a potion of invisibility for 88 gold pieces
 33402 | Orc:4    | Found a roughly hewn altar of Beogh.
 33464 | Orc:4    | Found Uchuxim's General Store.
 33487 | Orc:4    | Bought a scroll of identify for 30 gold pieces
 33487 | Orc:4    | Bought a potion of might for 60 gold pieces
 33773 | Orc:4    | Bought a +4 rod of clouds (9/9) for 1260 gold pieces
 33849 | Elf:1    | Entered Level 1 of the Elven Halls
 34026 | Elf:1    | Noticed Nikola
 34045 | Elf:1    | Killed Nikola
 34417 | Elf:1    | Found Piv Atas's General Store.
 34425 | Elf:1    | Bought a potion of curing for 48 gold pieces
 34425 | Elf:1    | Bought 2 potions of cancellation for 256 gold pieces
 34552 | Elf:1    | Found Holegom's Book Emporium.
 34554 | Elf:1    | Bought a book of Battle for 480 gold pieces
 34557 | Elf:1    | Learned a level 2 spell: Shroud of Golubria
 34560 | Elf:1    | Learned a level 2 spell: Song of Slaying
 34564 | Elf:1    | Learned a level 3 spell: Spectral Weapon
 34568 | Elf:1    | Learned a level 3 spell: Regeneration
 34636 | Elf:1    | Found Ifyvef's Weapon Boutique.
 34673 | Elf:1    | Found a radiant altar of Vehumet.
 34781 | Elf:1    | Found Zahuqeng's Magic Scroll Shop.
 34787 | Elf:1    | Found Xudaor's Gadget Shop.
 34938 | Elf:1    | Identified Vofiga's Collected Works on Evil
 35083 | Elf:2    | Reached skill level 1 in Charms
 35103 | Elf:2    | Found a frozen archway.
 35119 | IceCv    | Entered an ice cave
 35705 | IceCv    | Reached skill level 5 in Transmutations
 36309 | Elf:2    | Reached skill level 22 in Maces & Flails
 36595 | Elf:2    | Found a huge runed gate.
 36595 | Elf:2    | Found a huge runed gate.
 36596 | Elf:2    | Found a huge runed gate.
 36598 | Elf:2    | Found a huge runed gate.
 36601 | Elf:2    | Found a huge runed gate.
 36963 | Elf:3    | Entered Level 3 of the Elven Halls
 37180 | Elf:2    | Killed from afar by a deep elf mage

Action                   |  1- 3 |  4- 6 |  7- 9 | 10-12 | 13-15 | 16-18 || total
-------------------------+-------+-------+-------+-------+-------+-------++-------
Melee: Unarmed           |    46 |       |       |       |       |       ||    46
       Club              |     6 |       |       |       |       |       ||     6
       Whip              |    98 |       |       |       |       |       ||    98
       Mace              |    90 |   156 |   447 |    58 |       |       ||   751
       Flail             |       |       |    27 |    38 |  1453 |     3 ||  1521
       Morningstar       |       |       |       |   461 |       |       ||   461
       Giant spiked club |       |       |       |    31 |    18 |  1023 ||  1072
       Scimitar          |       |       |       |     2 |       |       ||     2
Throw: Large rock        |     3 |       |     5 |    16 |       |    11 ||    35
Invok: Slouch            |       |       |       |     7 |    13 |    10 ||    30
Evoke: Wand              |       |     1 |     5 |     1 |    13 |     5 ||    25
       Phial of floods   |       |       |       |     1 |     2 |     1 ||     4
       Deck              |       |       |       |       |     2 |       ||     2
  Use: Scroll            |    10 |     6 |     6 |     4 |    11 |     9 ||    46
       Potion            |       |     2 |     2 |     2 |     1 |     1 ||     8
 Stab: Sleeping          |     1 |       |       |       |     2 |     2 ||     5
       Petrified         |       |       |       |     2 |       |       ||     2
       Distracted        |       |       |       |       |     4 |     1 ||     5
  Eat: Chunk             |     3 |     8 |     9 |    17 |    24 |    36 ||    97
       Bread ration      |       |       |     1 |       |     1 |       ||     2
       Royal jelly       |       |       |       |       |     1 |     1 ||     2
       Fruit             |       |       |       |       |     1 |     1 ||     2
       Pizza             |       |       |       |       |     1 |     2 ||     3
       Beef jerky        |       |       |       |       |       |     7 ||     7
